Map: Iron Fortress LE (Void)

Players

Apex

  • Race: Protoss Protoss
  • League: Grandmaster

Phantom

  • Race: Protoss Protoss
  • League: Grandmaster

IlIIlIlIlIIl - Winner!

  • Race: Terran Terran
  • League: Grandmaster

Flux - Winner!

  • Race: Terran Terran
  • League: Grandmaster

VOD

Have the link to the VOD?

Description

Time

  • Played on: June 10, 2015, 4:58 a.m.
  • Length: 11:32
Show
View Real Time Build Order
Export as new Build Order

Apex Protoss 

Build Orders: 1 Gate Expand 

Get SALT Encoding   

  12  0:01  Probe  
  13  0:13  Pylon  
  13  0:18  Probe  
  14  0:30  Probe  
  15  0:38  Gateway, Probe  
  16  0:57  Probe  
  17  1:09  Probe  
  18  1:13  Nexus  
  18  1:21  Pylon  
  18  1:26  Probe  
  19  1:37  Cybernetics Core  
  19  1:38  Probe  
  20  1:47  Zealot  
  20  1:51  Assimilator  
  22  1:55  Probe  
  23  2:08  Probe  
  23  2:20  Probe  
  24  2:25  Gateway, Probe  
  24  2:28  Stalker  
  24  2:32  Probe  
  27  2:37  Probe  
  27  2:40  Assimilator  
  29  2:44  Probe  
  29  3:17  Probe  
  29  3:18  Probe  
  29  3:19  Warp Gate (Chrono Boost)  
  31  3:22  Zealot x2  
  35  3:29  Probe  
  35  3:30  Probe  
  35  3:31  Pylon  
  37  3:45  Mothership Core  
  37  3:50  Probe  
  40  4:01  Stalker x2  
  40  4:02  Probe  
  45  4:12  Probe  
  45  4:14  Probe  
  47  4:26  Probe  
  47  4:27  Probe  
  47  4:28  Nexus, Pylon  
  47  4:30  Stalker  
  51  4:32  Gateway  
  51  4:36  Pylon  
  51  4:37  Stalker  
  49  4:53  Probe  
  49  4:54  Probe  
  49  4:56  Robotics Facility  
  51  5:01  Gateway  
  51  5:05  Assimilator  
  51  5:07  Probe x2, Assimilator  
  53  5:19  Probe x2  
  55  5:21  Stalker x2  
  57  5:31  Probe  
  46  5:51  Stalker  
  46  5:52  Stalker  
  44  6:08  Stalker  
  44  6:10  Stalker  
  44  6:30  Immortal  
  44  6:31  Probe  
  44  6:32  Probe  
  50  6:43  Probe  
  50  6:44  Probe  
  52  6:48  Stalker x3  
  52  6:53  Probe  
  59  6:55  Probe  
  52  7:31  Immortal  
  52  7:33  Probe  
  52  7:34  Probe  
  58  7:38  Stalker  
  60  7:45  Probe  
  60  7:46  Probe  
  60  7:48  Probe  
  63  7:57  Probe  
  64  8:01  Probe  
  64  8:02  Probe  
  56  8:20  Probe  
  57  8:29  Probe  
  57  8:32  Probe  
  57  8:33  Stalker x2  
  57  8:34  Stalker  
  65  8:39  Stalker  
  65  8:53  Probe  
  65  9:07  Probe  
  65  9:08  Observer  
  57  9:34  Stalker  
  57  9:35  Stalker x3  
  57  9:45  Probe  
  56  9:48  Twilight Council  
  48  9:57  Probe  
  42  10:09  Probe (Chrono Boost)  
  42  10:10  Probe (Chrono Boost)  
  26  10:18  Stalker x2  
  26  10:19  Probe x2 (Chrono Boost)  
  24  10:48  Probe (Chrono Boost)  
  17  10:59  Probe (Chrono Boost)  
Show
View Real Time Build Order
Export as new Build Order

Phantom Protoss 

Build Orders:  

Get SALT Encoding   

  12  0:01  SCV  
  13  0:13  SCV  
  14  0:17  Supply Depot  
  14  0:25  SCV  
  15  0:39  SCV  
  15  0:40  Barracks  
  16  0:44  Refinery  
  16  0:51  SCV  
  17  1:03  SCV  
  18  1:17  SCV  
  19  1:29  Orbital Command  
  19  1:30  Reaper  
  20  1:52  Command Center  
  20  1:55  SCV  
  20  1:59  Supply Depot  
  20  2:01  Refinery  
  21  2:04  Barracks Tech Lab  
  21  2:15  SCV  
  22  2:23  Barracks  
  22  2:26  Marauder  
  24  2:31  Stimpack  
  24  2:38  Barracks  
  24  2:46  Factory  
  24  2:55  SCV  
  25  3:01  Marine  
  27  3:07  SCV  
  27  3:08  Orbital Command  
  27  3:18  Marine  
  27  3:19  SCV, Marine  
  29  3:31  Starport  
  29  3:32  SCV, Factory Reactor  
  29  3:33  Marine  
  31  3:36  Marine  
  31  3:39  Marine  
  33  3:50  SCV  
  33  3:51  Marine  
  33  3:54  Engineering Bay, Marine  
  36  3:57  Marine  
  38  4:07  Supply Depot  
  36  4:14  Marine x2  
  36  4:16  Medivac x2  
  42  4:19  SCV x2  
  42  4:20  Marine  
  43  4:27  Factory Reactor  
  43  4:32  Marine  
  43  4:33  Marine  
  43  4:38  Marine  
  46  4:50  Marine  
  46  4:51  Marine  
  46  4:52  SCV x2  
  50  4:56  Marine  
  50  4:57  Command Center, Refinery x2  
  50  4:59  Terran Infantry Weapons Level 1  
  51  5:04  SCV, Engineering Bay  
  51  5:05  Medivac  
  54  5:15  Supply Depot  
  54  5:16  SCV x2  
  54  5:17  Supply Depot  
  54  5:21  Barracks Reactor, Barracks Tech Lab  
  55  5:35  Marine  
  56  5:49  Marauder  
  58  5:53  Marine  
  59  6:00  Terran Infantry Armor Level 1, Barracks  
  59  6:01  SCV, Barracks  
  59  6:02  SCV, Barracks  
  59  6:10  Marauder  
  59  6:11  Marine  
  61  6:12  Armory  
  56  6:27  SCV, Marine  
  56  6:28  SCV  
  56  6:29  Marine  
  56  6:32  Marauder  
  56  6:34  Missile Turret  
  56  6:38  Missile Turret  
  56  6:44  Marine  
  56  6:45  Marine  
  58  6:47  Marauder  
  58  6:50  Orbital Command  
  58  6:53  SCV x2  
  62  6:56  Medivac x2  
  62  6:58  Barracks Tech Lab  
  62  7:00  Barracks Tech Lab  
  66  7:05  Barracks Reactor, SCV  
  66  7:08  Marine  
  70  7:09  Combat Shields  
  70  7:11  Concussive Shells  
  70  7:14  SCV  
  69  7:17  SCV  
  64  7:26  SCV, Medivac  
  64  7:29  SCV  
  64  7:36  Marine x5  
  69  7:37  SCV, Marauder  
  69  7:38  SCV  
  69  7:40  Supply Depot  
  69  7:41  Supply Depot, SCV  
  69  7:42  Supply Depot  
  74  7:44  Marine  
  74  7:45  Widow Mine  
  76  7:52  Refinery  
  76  7:53  Refinery, Marine  
  76  7:54  Marauder  
  76  7:55  Medivac, Marauder  
  76  7:56  Medivac  
  76  7:58  Widow Mine  
  87  8:17  SCV x2, Marine  
  87  8:18  Marine x5  
  87  8:19  Terran Infantry Weapons Level 2, Marauder x2  
  89  8:33  Terran Infantry Armor Level 2  
  89  8:45  Marine x3  
  89  8:46  Marauder  
  89  8:48  Medivac x2  
  95  9:01  Command Center  
  95  9:02  Factory  
  95  9:16  Command Center, SCV x3  
  92  9:18  Marine x3, Medivac x2  
  92  9:19  Marauder, Marine  
  102  9:24  Supply Depot  
  102  9:26  Supply Depot  
  102  9:27  Marine  
  102  9:28  SCV, Marine  
  103  9:46  Marine x5  
  103  9:47  Marauder, Marine  
  111  9:59  Marine  
  110  10:03  Marine  
  110  10:04  Marine  
  108  10:08  Marine x3  
  108  10:09  Marauder, Marine  
  107  10:17  Marine  
  108  10:21  SCV, Marine x2  
  108  10:22  SCV x2  
  108  10:27  Marauder x2  
  115  10:39  Marine x3  
  115  10:40  Marauder  
  115  10:41  SCV x2  
Show
View Real Time Build Order
Export as new Build Order

IlIIlIlIlIIl Terran - Winner!

Build Orders:  

Get SALT Encoding   

Show
View Real Time Build Order
Export as new Build Order

Flux Terran - Winner!

Build Orders:  

Get SALT Encoding   

Tags
 
Add a new tag
Caveats
  • Supply blocks, unpowered buildings, or Contaminate may cause inaccurate times.
  • Supply counts are checked every 10 seconds.